Map: Развалины Бел-Шира РВ (Void)

Players

Nicred - Winner!

  • Race: Zerg Zerg
  • League: Diamond
  • Spawn Location: 5:00

Brand

  • Race: Terran Terran
  • League: Diamond
  • Spawn Location: 11:00

VOD

Have the link to the VOD?

Description

Time

  • Played on: Feb. 24, 2017, 3:33 a.m.
  • Length: 16:22
Show
View Real Time Build Order
Export as new Build Order

Nicred Zerg - Winner!

Build Orders: Hatch First 

Get SALT Encoding   

  12  0:01  Drone  
  13  0:17  Overlord  
  13  0:19  Drone  
  14  0:35  Drone x2  
  16  0:39  Drone  
  17  0:56  Extractor  
  16  0:57  Hatchery, Drone  
  16  1:01  Drone  
  17  1:17  Spawning Pool  
  16  1:20  Drone  
  16  1:22  Drone  
  18  1:33  Drone  
  19  1:43  Overlord  
  19  2:03  Metabolic Boost  
  19  2:09  Queen x2  
  19  2:10  Zergling x4  
  19  2:13  Drone  
  26  2:23  Drone x2  
  26  2:29  Drone  
  29  2:31  Drone  
  30  2:44  Queen  
  30  2:45  Lair  
  30  2:50  Drone x2  
  34  2:55  Overlord  
  34  3:02  Drone x2  
  36  3:21  Drone x6  
  36  3:22  Drone x2  
  36  3:24  Overlord  
  44  3:30  Pneumatized Carapace  
  44  3:42  Extractor x2  
  44  3:44  Extractor  
  44  3:46  Drone x4  
  45  3:51  Baneling Nest  
  44  4:12  Drone  
  44  4:13  Drone x6  
  51  4:26  Zergling x2  
  52  4:32  Overlord x2  
  52  4:34  Spire  
  51  4:47  Zergling x2  
  51  4:48  Overlord  
  52  4:54  Zergling x6  
  52  4:55  Zergling x4  
  56  5:02  Zergling x6  
  56  5:07  Zergling x2  
  59  5:09  Spine Crawler  
  59  5:12  Zergling x2  
  59  5:16  Zergling x2  
  59  5:20  Zergling x4  
  52  5:21  Zergling x4  
  48  5:30  Zergling x6  
  48  5:31  Zergling x2  
  48  5:35  Overlord  
  27  5:50  Mutalisk x3  
  27  5:55  Mutalisk  
  35  6:11  Mutalisk x4  
  34  6:23  Mutalisk  
  22  7:12  Hatchery  
  21  7:19  Hatchery  
  20  8:28  Drone  
  21  8:39  Drone x2  
  23  8:51  Drone  
  23  8:53  Drone  
  25  9:07  Drone x2  
  27  9:10  Drone  
  28  9:21  Drone x2  
  30  9:35  Drone x3  
  33  9:47  Drone x3  
  36  9:54  Drone  
  37  10:07  Queen x2  
  41  10:17  Drone x4  
  45  10:30  Drone x2  
  45  10:31  Drone  
  45  10:33  Zergling x2  
  49  10:40  Zergling x2  
  50  10:49  Zergling x2  
  51  10:52  Zergling x2  
  51  10:55  Zergling x2  
  53  10:58  Baneling x2  
  53  10:59  Baneling x2  
  53  11:02  Zergling x2  
  54  11:05  Zergling x2  
  55  11:16  Zergling x4  
  58  11:18  Zergling x8  
  58  11:19  Zergling x4  
  58  11:21  Baneling  
  63  11:27  Zergling x2  
  63  11:32  Zergling x2  
  65  11:41  Extractor  
  65  11:45  Zergling x4  
  66  12:03  Spore Crawler  
  66  12:04  Baneling x5  
  66  12:05  Spore Crawler, Zergling x10  
  66  12:06  Zergling x6  
  72  12:23  Spore Crawler, Hatchery  
  72  12:24  Spore Crawler  
  72  12:26  Drone x3  
  72  12:41  Drone x3  
  75  12:48  Lair  
  75  12:50  Drone  
  76  12:53  Overlord  
  76  13:11  Zergling x12  
  76  13:12  Zergling x2  
  83  13:22  Zergling x2  
  77  13:56  Baneling x3  
  77  14:00  Zergling x12  
  77  14:01  Zergling x14  
  66  14:10  Zergling x4  
  65  14:29  Zergling x2  
  65  14:30  Zergling x10  
  65  14:34  Spire  
  65  14:37  Queen x2  
  60  15:05  Drone x4  
  64  15:28  Zergling x16  
  72  15:38  Queen  
  74  15:55  Zergling x10  
  74  15:56  Zergling x10  
Show
View Real Time Build Order
Export as new Build Order

Brand Terran 

Build Orders:  

Get SALT Encoding   

  12  0:01  SCV  
  13  0:13  SCV  
  14  0:18  Supply Depot  
  14  0:25  SCV  
  15  0:30  Refinery  
  15  0:41  Barracks  
  15  0:48  SCV  
  16  0:54  Refinery  
  16  1:00  SCV  
  17  1:12  SCV  
  18  1:22  Supply Depot  
  18  1:35  Factory  
  18  1:51  Orbital Command  
  18  1:54  Marine  
  19  2:18  SCV  
  19  2:22  Factory  
  20  2:25  Factory Reactor  
  20  2:30  SCV  
  20  2:35  Armory  
  21  2:42  Marine  
  22  2:46  SCV  
  23  2:58  SCV  
  23  3:02  Cyclone  
  23  3:03  Cyclone  
  30  3:10  Marine  
  31  3:20  Supply Depot  
  31  3:25  Terran Vehicle Weapons Level 1  
  31  3:32  Factory Reactor  
  31  3:41  SCV  
  31  3:44  Supply Depot  
  32  3:51  Supply Depot  
  32  3:53  Cyclone  
  35  3:57  Cyclone  
  35  4:00  SCV  
  39  4:10  Supply Depot  
  39  4:12  SCV  
  39  4:15  Cyclone  
  43  4:35  Supply Depot  
  43  4:36  Cyclone  
  48  4:38  Hellion  
  48  4:44  SCV  
  49  5:15  Cyclone  
  49  5:16  Cyclone  
  50  5:31  Cyclone  
  50  5:32  Hellion  
  55  5:48  Hellion  
  57  6:11  Hellion, Cyclone x2  
  63  6:12  Hellion  
  45  7:08  Marine  
  37  7:22  Engineering Bay, Bunker  
  34  7:25  Marine  
  35  7:34  Hellion x4  
  43  7:42  Bunker  
  43  7:43  Marine  
  37  8:01  Marine  
  32  8:14  Missile Turret  
  32  8:17  Missile Turret  
  32  8:18  Missile Turret  
  32  8:19  Terran Vehicle Weapons Level 2  
  32  8:21  Marine  
  33  8:30  Barracks  
  33  8:35  Missile Turret  
  33  8:39  Marine  
  34  8:42  Starport  
  34  8:48  Starport  
  34  9:10  Liberator x2  
  34  9:11  Supply Depot  
  34  9:14  Command Center  
  34  9:15  Barracks Tech Lab  
  34  9:20  Marine  
  40  9:38  Marine  
  41  9:46  Stimpack  
  41  9:48  Marine  
  42  9:53  Liberator x2  
  42  9:56  Marine  
  43  10:06  Marine  
  44  10:13  Marine  
  51  10:23  Marine  
  52  10:31  Marine  
  53  10:36  Liberator  
  53  10:41  Marine  
  54  10:49  Marine  
  55  10:53  Medivac  
  60  10:59  Marine  
  61  11:17  Marine  
  61  11:18  Command Center  
  61  11:23  Medivac  
  63  11:35  Marine  
  64  11:49  Combat Shields  
  64  12:16  Medivac x2  
  20  15:02  SCV  
  21  15:11  Marine  
  23  15:14  SCV  
  23  15:16  Bunker  
  23  15:26  SCV  
  24  15:29  Marine  
  25  15:38  SCV  
  26  15:46  Marine  
  26  15:47  SCV  
  22  15:50  SCV  
  23  15:59  SCV  
  23  16:02  SCV  
Tags
 
Add a new tag
Caveats
  • Supply blocks, unpowered buildings, or Contaminate may cause inaccurate times.
  • Supply counts are checked every 10 seconds.